 Dungeon Crawl Stone Soup version 0.18.1-50-g88ac8fd (webtiles) character file.

4 ololoev the Digger (level 1, -1/10 HPs)
             Began as a Deep Elf Earth Elementalist on Dec 5, 2016.
             Killed from afar by a dart slug (5 damage)
             ... with a slug dart
             ... on level 1 of the Dungeon.
             The game lasted 00:00:32 (70 turns).

ololoev the Digger (Deep Elf Earth Elementalist)      Turns: 70, Time: 00:00:33

Health: -1/10      AC:  2    Str:  5    XL:     1   Next: 50%
Magic:  1/6        EV: 13    Int: 19    God:
Gold:   28         SH:  0    Dex: 15    Spells: 1 memorised, 5 levels left

rFire  . . .     SeeInvis .     b - 14 stones
rCold  . . .     Gourm    .     a - +0 robe
rNeg   . . .     Faith    .     (no shield)
rPois  .         Spirit   .     (no helmet)
rElec  .         Dismiss  .     (no cloak)
rCorr  .         Reflect  .     (no gloves)
SustAt .         Harm     .     (no boots)
MR     .....                    (no amulet)
Stlth  ++........               (no ring)
                                (no ring)

@: not resistant to hostile enchantments, unstealthy
A: no striking features
a: no special abilities

Inventory:

Missiles
 b - 14 stones (in hand)
Armour
 a - a +0 robe (worn)
Scrolls
 e - a scroll of teleportation {unknown}
 f - a scroll of remove curse {unknown}
Books
 c - a book of Geomancy

   Spells                             Type                      Level
   a - Sandblast                      Earth                        1
   b - Passwall                       Transmutation/Earth          2
   c - Stone Arrow                    Conjuration/Earth            3
   d - Petrify                        Transmutation/Earth          4
   e - Lee's Rapid Deconstruction     Earth                        5
Comestibles
 d - a bread ration


   Skills:
 - Level 2.4 Dodging
 - Level 2.4 Stealth
 * Level 3.3 Spellcasting
   Level 1.1 Transmutations
 + Level 3.4 Earth Magic


You had 5 spell levels left.
You knew the following spells:

 Your Spells              Type           Power        Failure   Level  Hunger
a - Sandblast             Erth           ###...       4%          1    None


You were on level 1 of the Dungeon.
You were not hungry.

You visited 1 branch of the dungeon, and saw 1 of its levels.

You collected 28 gold pieces.

....... . ......
..# # ####....#
##..#.# #.......
....... #......#
.#.#.#.
#...)..###.......
#..............[.
#...............#
#....@).w........
####.#####..#.#..
#.# #.# # #.# !..
#.# #.w. #.# #.#.
#.# ..### #.##
...# #..# ....##

Notes
Turn   | Place    | Note
--------------------------------------------------------------
     0 | D:1      | ololoev the Deep Elf Earth Elementalist began the quest for the Orb.
     0 | D:1      | Reached XP level 1. HP: 10/10 MP: 6/6
    70 | D:1      | Killed from afar by a dart slug

Dungeon Overview and Level Annotations

Branches:
Dungeon (1/15)

Altars:


Message History

Press: ? - help, Shift-Dir - straight line, f/p - rat
Aim: a rat The blast of sand hits the rat.
You kill the rat!
A rat comes into view.
Found a club.
Casting: Sandblast
Confirm with . or Enter, or press ? or * to list all spells.
You can't see any susceptible monsters within range! (Use Z to cast anyway.) Unknown command.
Casting: Sandblast
Confirm with . or Enter, or press ? or * to list all spells.
Aiming: Sandblast
Press: ? - help, Shift-Dir - straight line, f - rat
Aim: a rat The blast of sand hits the rat.
You kill the rat!
Found 11 gold pieces.
A hobgoblin comes into view. It is wielding a club.
Found a scroll labeled NITUKY ZADDY.
You see here 11 gold pieces.
You now have 28 gold pieces (gained 11).
The hobgoblin shouts!
b - 20 stones (in hand)
Casting: Sandblast
Confirm with . or Enter, or press ? or * to list all spells.
Aiming: Sandblast
Press: ? - help, Shift-Dir - straight line, f - hobgoblin
Aim: a hobgoblin, wielding a club The rocky blast hits the hobgoblin.
You kill the hobgoblin!
A giant newt comes into view.
Found a ring mail.
You see here a scroll labeled NITUKY ZADDY.
f - a scroll labeled NITUKY ZADDY A kobold and a dart slug come into view.
Found a red potion.
Casting: Sandblast
Confirm with . or Enter, or press ? or * to list all spells.
Aiming: Sandblast
Press: ? - help, Shift-Dir - straight line, f - giant newt
Aim: a giant newt The rocky blast misses the giant newt.
The kobold shouts!
The dart slug launches a dart at you. The slug dart hits you!
Ouch! That really hurt!
Casting: Sandblast
Confirm with . or Enter, or press ? or * to list all spells.
Aiming: Sandblast
Press: ? - help, Shift-Dir - straight line, f/p - giant newt
Aim: a giant newt The rocky blast hits the giant newt.
You kill the giant newt!
Casting: Sandblast
Confirm with . or Enter, or press ? or * to list all spells.
Aiming: Sandblast
Press: ? - help, Shift-Dir - straight line, f - kobold
Aim: a kobold, wielding a dagger The rocky blast hits the kobold.
The kobold is severely wounded.
The kobold hits you with a dagger.
Casting: Sandblast
Confirm with . or Enter, or press ? or * to list all spells.
Aiming: Sandblast
Press: ? - help, Shift-Dir - straight line, f/p - kobold
Aim: a kobold, wielding a dagger (severely wounded)
The rocky blast hits the kobold.
You kill the kobold!
Casting: Sandblast
Confirm with . or Enter, or press ? or * to list all spells.
Aiming: Sandblast
Press: ? - help, Shift-Dir - straight line, f - dart slug
Aim: a dart slug (clinging)
The rocky blast hits the dart slug.
The dart slug is almost dead.
The dart slug launches a dart at you. The slug dart hits you!
Ouch! That really hurt!
You die...

You could see a dart slug.

Vanquished Creatures
  A hobgoblin (D:1)
  A giant newt (D:1)
  A kobold (D:1)
  2 rats (D:1)
5 creatures vanquished.

Action                   || total
-------------------------++-------
 Cast: Sandblast         ||     9

Vault maps used:
D:1:      evilmike_arrival_crescent
